 Dungeon Crawl Stone Soup version 0.22-a0-422-g9628fc8 (webtiles) character file.

56 wazuzu the Grave Robber (level 3, -2/31 HPs)
             Began as an Ogre Necromancer on May 20, 2018.
             Shot with a stone by a goblin (3 damage)
             ... on level 2 of the Dungeon.
             The game lasted 00:05:16 (1270 turns).

wazuzu the Grave Robber (Ogre Necromancer)          Turns: 1270, Time: 00:05:16

Health: -2/31      AC:  3    Str: 13    XL:     3   Next: 97%
Magic:  1/8        EV: 10    Int: 16    God:
Gold:   51         SH:  0    Dex:  9    Spells: 4/9 levels left

rFire    . . .     SeeInvis .   e - +0 club
rCold    . . .     Gourm    .   (no shield)
rNeg     . . .     Faith    .   a - +0 robe
rPois    .         Spirit   .   (helmet restricted)
rElec    .         Reflect  .   (no cloak)
rCorr    .         Harm     .   (gloves unavailable)
MR       .....                  (boots unavailable)
Stlth    +.........             (no amulet)
HPRegen  0.10/turn              (no ring)
MPRegen  0.11/turn              (no ring)

@: very slightly contaminated, invisible
A: large, unfitting armour, tough skin 1
a: no special abilities


You were on level 2 of the Dungeon.
You were not hungry.

You visited 1 branch of the dungeon, and saw 2 of its levels.

You collected 51 gold pieces.

Inventory:

Hand Weapons
 e - a +0 club (weapon)
Armour
 a - a +0 robe (worn)
Scrolls
 d - a scroll of fear {unknown}
 g - a scroll of identify {unknown}
Potions
 b - a potion of berserk rage {unknown}
 i - a potion of brilliance {unknown}
Comestibles
 c - 2 rations
 f - 4 chunks of flesh


   Skills:
 - Level 1.7 Dodging
 - Level 1.4 Stealth
 + Level 3.7 Spellcasting
 + Level 4.3 Necromancy


You had 4 spell levels left.
You knew the following spells:

 Your Spells              Type           Power        Failure   Level  Hunger
a - Pain                  Necr           ###.         3%          1    None
r - Regeneration          Chrm/Necr      #.........   22%         3    ###....
s - Animate Skeleton      Necr           N/A          3%          1    None

Your spell library contained the following spells:

 Spells                   Type           Power        Failure   Level  Hunger
 Animate Dead             Necr           N/A          28%         4    ####...
 Vampiric Draining        Necr           ###.......   9%          3    ###....


Dungeon Overview and Level Annotations

Branches:
Dungeon (2/15)

Altars:


Innate Abilities, Weirdness & Mutations

You are too large for most types of armour.
You have tough skin. (AC +1)


Message History

Press: ? - help, Shift-Dir - straight line, f/p - adder
Aim: an adder (heavily wounded, chance to defeat MR: 81%)
You miscast Pain.
You are very lightly contaminated with residual magic.
The world around you seems to dim momentarily.
The goblin shoots a stone.
The stone hits you!
* * * LOW HITPOINT WARNING * * *
It was a potion of invisibility.
You fade into invisibility!
The adder misses you. The adder closely misses you.
The goblin shoots a stone.
The stone hits the hobgoblin!
The hobgoblin dies!
Casting: Pain (safe; 3% risk of failure)
Confirm with . or Enter, or press ? or * to list all spells.
Aiming: Pain (safe; 3% risk of failure)
Press: ? - help, Shift-Dir - straight line, f/p - adder
Aim: an adder (heavily wounded, chance to defeat MR: 81%)
The adder writhes in agony!
The adder closely misses you.
The goblin shoots a stone.
The stone hits you.
You die...

####..............>... ..
....##.#####.....##.. .#.###
###..#(####.#.#.#.##. ......
#..(..............
.#....######..##%#.##+##.#..
......g.......#....# #....
.................#.+ +.#..
.##.......(........# #....
.......)w(S@.....#.##+##.#..
$.......#(###.........%.....
.....####.###....#.#.#.#.#..
#..w #...................
... .........).(......... #.
........)####)....... #
.?..#..#.. #.#....#.
....#.###.# ######... ... #.
.. ##.


You could see an adder, a dart slug and a goblin.

Vanquished Creatures
  An adder (D:2)
  3 oozes
  A dart slug (D:1)
  9 bats
  A giant cockroach (D:1)
  2 goblins
  3 hobgoblins (D:1)
  3 jackals (D:1)
  2 frilled lizards
  6 kobolds
31 creatures vanquished.

Vanquished Creatures (collateral kills)
  A jackal (D:1)
  A frilled lizard (D:2)
  2 rats
4 creatures vanquished.

Vanquished Creatures (others)
  A hobgoblin (D:2)
1 creature vanquished.

Grand Total: 36 creatures vanquished

Notes
Turn   | Place    | Note
-------+----------+-------------------------------------------
     0 | D:1      | wazuzu the Ogre Necromancer began the quest for the Orb.
     0 | D:1      | Reached XP level 1. HP: 16/16 MP: 3/3
    89 | D:1      | Reached XP level 2. HP: 18/24 MP: 0/5
   147 | D:1      | Learned a level 1 spell: Animate Skeleton
   224 | D:1      | Reached skill level 4 in Necromancy
   403 | D:1      | Reached XP level 3. HP: 25/31 MP: 2/7
  1051 | D:2      | Learned a level 3 spell: Regeneration
  1270 | D:2      | Shot with a stone by a goblin

Vault maps used:
D:1:      scummos_arrival_checkerplants
D:2:      lemuel_zombie_altar_yredelemnul, nicolae_overflow_crystal_walls,
          minmay_misc_feat_doors

Skill      XL: |  1  2 |
---------------+-------+-----
Spellcasting   | 3 |  3.7
Necromancy     | 4 |  4.3
Dodging        | |  1.7
Stealth        | |  1.4

Action                   || total
-------------------------++-------
Melee: Unarmed           ||    10
       Club              ||    14
 Cast: Pain              ||    52
       Animate Skeleton  ||    18
  Use: Potion            ||     1
 Stab: Distracted        ||     1
  Eat: Chunk             ||     1
Armor: Robe              ||    16
Dodge: Dodged            ||    28

Table legend:
 A = Spawn XP
 B = Non-spawn XP
 C = Spawn XP percentage of total XP
 D = Spawn monster count
 E = Non-spawn monster count
 F = Spawn count percentage of total count
 G = Total turns spent on level
                    A         B        C        D         E        F      G
               +---------+---------+-------+---------+---------+-------+---------
         Total |       0 |      81 |   0.0 |       0 |      35 |   0.0 |  1270
               +---------+---------+-------+---------+---------+-------+---------
           D:1 |       0 |      47 |   0.0 |       0 |      21 |   0.0 |  1010
           D:2 |       0 |      34 |   0.0 |       0 |      14 |   0.0 |   260
               +---------+---------+-------+---------+---------+-------+---------
